 Dungeon Crawl Stone Soup version 0.31.0 (webtiles) character file.

Game seed: 12003232610496640520

139 qw the Shooter (level 5, -1/32 HPs)
             Began as a Gargoyle Hunter on Jan 19, 2024.
             Slain by Ijyb
             ... wielding a +0 dagger
              (5 damage)
             ... on level 3 of the Dungeon.
             The game lasted 00:00:09 (2607 turns).

qw the Shooter (Gargoyle Hunter)                    Turns: 2607, Time: 00:00:10

Health: -1/32      AC: 10    Str: 15    XL:     5   Next: 22%
Magic:  5/5        EV: 11    Int:  9    God:
Gold:   65         SH:  0    Dex: 15    Spells: 4/4 levels left

rFire   . . .        a - +0 shortbow
rCold   . . .        (shield currently unavailable)
rNeg    + . .        h - +0 ring mail
rPois   inf          e - +0 helmet
rElec   +            (no cloak)
rCorr   .            (no gloves)
SInv    .            (no boots)
Will    .....        (no amulet)
Stlth   +            (no ring)
HPRegen 0.25/turn    (no ring)
MPRegen 0.09/turn

%: no passive effects
@: no status effects
A: sickness immunity, AC +4, negative energy resistance 1, electricity
resistance, torment resistance 1, petrification resistance
a: no special abilities


You were on level 3 of the Dungeon.
You visited 1 branch of the dungeon, and saw 3 of its levels.

You collected 65 gold pieces.


Innate Abilities, Weirdness & Mutations

You are immune to sickness and miasma.
Your stone body is resilient. (AC +4)
You are immune to poison.
You resist negative energy. (rN+)
You are resistant to electric shocks. (rElec)
You are resistant to unholy torment.
You are immune to petrification.


   Skills:
 - Level 3.0 Fighting
 + Level 5.8 Ranged Weapons
 - Level 1.3 Armour
 - Level 1.5 Dodging
 - Level 1.1 Stealth


You had 4 spell levels left.
You didn't know any spells.
Your spell library was empty.

Inventory:

Hand Weapons
 a - a +0 shortbow (weapon)
Armour
 e - a +0 helmet (worn)
 h - a +0 ring mail (worn)
Scrolls
 d - a scroll of identify
Potions
 b - a potion of berserk rage {unknown}
 c - a potion of might {unknown}
 j - a potion of haste {unknown}

Dungeon Overview and Level Annotations

Branches:
Dungeon (3/15)

Altars:
Elyvilon

Annotations:
D:2 1 runed translucent door, Crazy Yiuf
D:3 2 transporters, Ijyb; Natasha; qw's ghost, amateur GrHu


Message History

The grasping roots release their grip on you.
You shoot an arrow. The arrow hits Ijyb but does no damage.
Ijyb is moderately wounded.
The goblin shoots a sling bullet.
The sling bullet hits you but does no damage.
Ijyb hits you but does no damage.
You shoot an arrow. The arrow closely misses Ijyb.
Ijyb hits you but does no damage.
The goblin unwields a +0 sling.
The goblin wields a +0 hand axe.
The goblin hits you but does no damage.
You shoot an arrow. The arrow hits Ijyb.
Ijyb is heavily wounded.
Ijyb hits you but does no damage. The goblin hits you but does no damage.
You shoot an arrow. The arrow hits Ijyb!
Ijyb is almost dead.
You hear a shout!
A hobgoblin comes into view.
Ijyb hits you but does no damage. The goblin hits you but does no damage.
You shoot an arrow. The arrow completely misses Ijyb.
Ijyb hits you but does no damage. The goblin hits you with a +0 hand axe.
Ijyb barely misses you.
You shoot an arrow. The arrow closely misses Ijyb.
The goblin hits you with a +0 hand axe. Ijyb barely misses you.
You shoot an arrow. The arrow barely misses Ijyb.
You hear an angry hiss.
Natasha, Servant of Life and Death comes into view.
The goblin hits you with a +0 hand axe.
Ijyb screams, "No!
No, no, no, no!"
Ijyb misses you. The goblin closely misses you.
You shoot an arrow. The arrow completely misses Ijyb.
Ijyb hits you but does no damage. The goblin hits you with a +0 hand axe.
You shoot an arrow. The arrow barely misses Ijyb.
Ijyb hits you with a +0 dagger. The goblin hits you but does no damage.
You shoot an arrow. The arrow barely misses Ijyb.
Ijyb hits you but does no damage. The goblin hits you but does no damage.
Ijyb hits you but does no damage.
The hobgoblin hits you but does no damage.
You shoot an arrow. The arrow hits Ijyb but does no damage.
Ijyb is almost dead.
The goblin barely misses you. Ijyb hits you with a +0 dagger.
You die...

+######.# ## #....~#.# .
#....~#.# #. #...g~#.##
#. .## #~~~~~#..## #. ..
### #'...# #. #g ##.#
#..#.# ##. #g##..##
##.#.#####
#g@....####.#[.##..
#.....##g##.............
..###...h...............
####.######.........
...# #......... ..####
#.....<... # #.>.......
#......... #.........


You could see Ijyb, Natasha, a hobgoblin and 2 goblins.

Vanquished Creatures
  Natasha (D:3)
  Robin (D:2)
  3 gnolls (D:2)
  2 adders (D:2)
  A dart slug (D:2)
  2 ribbon worms (D:2)
  2 ball pythons (D:1)
  4 endoplasms
  2 giant cockroaches (D:2)
  10 goblins
  8 hobgoblins
  2 quokkas
  2 bats
  2 frilled lizards
  4 kobolds
  A rat (D:2)
47 creatures vanquished.

Notes
Turn   | Place    | Note
-------+----------+-------------------------------------------
     0 | D:1      | qw the Gargoyle Hunter began the quest for the Orb.
     0 | D:1      | Reached XP level 1. HP: 12/12 MP: 1/1
     0 | D:1      | 0 ||| qw: Version: 0.3-a-132-g3d54051
     0 | D:1      | 0 ||| qw: Game counter: 64
     0 | D:1      | 0 ||| qw: Melee chars always use a shield: true
     0 | D:1      | 0 ||| qw: God list: Okawaru
     0 | D:1      | 0 ||| qw: Allow faded altars: false
     0 | D:1      | 0 ||| qw: Do Orc after clearing Dungeon:15 true
     0 | D:1      | 0 ||| qw: Do second Lair branch before Depths: true
     0 | D:1      | 0 ||| qw: Lair rune preference: random
     0 | D:1      | 0 ||| qw: Goals: Normal
     0 | D:1      | 0 ||| PLANNING D:1-11
   179 | D:1      | HP: 3/12 [quokka (4)]
   185 | D:1      | Reached XP level 2. HP: 4/17 MP: 2/2
  1058 | D:1      | 1058 ||| UPGRADING to +0 ring mail.
  1068 | D:1      | 1068 ||| DROPPING +0 leather armour.
  1069 | D:1      | 1069 ||| READING scroll labelled OXOUNE SOCLO.
  1070 | D:1      | 1070 ||| READING scroll labelled YXZAUXK LIECUE.
  1171 | D:1      | 1171 ||| READING scroll labelled USSOMY ZIGIRUK.
  1172 | D:1      | 1172 ||| READING scroll labelled ATIUGE MOIMOCEF.
  1173 | D:1      | 1173 ||| READING 2 scrolls labelled VEBUYVVONEG.
  1173 | D:1      | 1173 ||| IDENTIFYING viscous green potion
  1174 | D:1      | 1174 ||| READING scroll of identify.
  1174 | D:1      | 1174 ||| IDENTIFYING viscous black potion
  1175 | D:1      | 1175 ||| DROPPING scroll of butterflies.
  1176 | D:1      | 1176 ||| DROPPING potion of brilliance.
  1177 | D:1      | 1177 ||| DROPPING potion of lignification.
  1240 | D:2      | Reached skill level 1 in Armour
  1240 | D:2      | Reached XP level 3. HP: 21/21 MP: 3/3
  1326 | D:2      | Found a white marble altar of Elyvilon.
  1333 | D:2      | 1333 ||| RETREEEEATING.
  1344 | D:2      | Reached skill level 5 in Ranged Weapons
  1350 | D:2      | 1350 ||| FLEEEEING.
  1391 | D:2      | Reached XP level 4. HP: 27/27 MP: 4/4
  1458 | D:2      | 1458 ||| FLEEEEING.
  1514 | D:2      | Found a runed translucent door.
  1515 | D:2      | Noticed Crazy Yiuf
  1680 | D:2      | Reached skill level 3 in Fighting
  1798 | D:2      | Found a faded altar of an unknown god.
  1922 | D:2      | Noticed Robin
  1951 | D:2      | Killed Robin
  1951 | D:2      | HP: 7/28 [hobgoblin[Robin] (3)]
  1954 | D:2      | HP: 3/28 [hobgoblin[Robin] (5)]
  1957 | D:2      | HP: 1/28 [hobgoblin[Robin] (2)]
  1963 | D:2      | 1963 ||| FLEEEEING.
  2290 | D:2      | 2290 ||| UPGRADING to +0 helmet.
  2295 | D:2      | 2295 ||| READING scroll labelled OZXEAD MIODINUOKE.
  2296 | D:2      | 2296 ||| FLEEEEING.
  2360 | D:3      | Noticed Ijyb
  2364 | D:3      | 2364 ||| FLEEEEING.
  2365 | D:3      | 2365 ||| FLEEEEING.
  2366 | D:3      | 2366 ||| FLEEEEING.
  2367 | D:3      | 2367 ||| FLEEEEING.
  2369 | D:3      | 2369 ||| FLEEEEING.
  2372 | D:3      | 2372 ||| STAIRDANCE
  2416 | D:2      | 2416 ||| DRINKING 2 orange potions.
  2417 | D:2      | 2417 ||| DROPPING potion of attraction.
  2440 | D:3      | Noticed qw's ghost (amateur GrHu)
  2441 | D:3      | Found a transporter.
  2444 | D:3      | Noticed an ogre
  2445 | D:3      | Found a transporter.
  2446 | D:3      | Identified the +3 great mace of Binajege {freeze, ^Drain
                  | rElec rPois rN++}
  2446 | D:3      | Noticed an ogre
  2485 | D:3      | Noticed Natasha
  2490 | D:3      | Killed Natasha
  2491 | D:3      | Reached XP level 5. HP: 32/32 MP: 5/5
  2601 | D:3      | HP: 8/32 [goblin/+0 hand axe (4)]
  2603 | D:3      | Noticed Natasha
  2607 | D:3      | Slain by Ijyb

Levels and vault maps discovered:
D:1:      kennysheep_arrival_seaside, layout_basic, roderic_cross_of_infinity
D:2:      layout_loops_corners, basic_altar,
          chequers_ecumenical_altar_simple_redux, serial_bayou_crossing,
          uniq_robin, uniq_crazy_yiuf_cottage
D:3:      minmay_chambers_of_twos, layout_rooms, gammafunk_ghost_smash,
          chequers_serial_rivers_room_a, goddamned_bats, uniq_ijyb,
          uniq_natasha, uniq_grinder

Skill      XL: |  1  2  3  4 |
---------------+-------------+-----
Armour         | 1 |  1.3
Ranged Weapons | 5 |  5.8
Fighting       | 3 |  3.0
Dodging        | |  1.5
Stealth        | |  1.1

Action                     |  1- 3 |  4- 6 || total
---------------------------+-------+-------++-------
   Fire: Shortbow          |    73 |   136 ||   209
    Use: Scroll            |     6 |     1 ||     7
         Potion            |       |     1 ||     1
 Armour: Leather armour    |    13 |       ||    13
         Ring mail         |     8 |    80 ||    88
  Dodge: Dodged            |    20 |    70 ||    90

Table legend:
 A = Non-vault XP
 B = Vault XP
 C = Vault XP percentage of total XP
 D = Non-vault monster count
 E = Vault monster count
 F = Vault count percentage of total count
                 A         B        C        D         E       F
            +---------+---------+-------+---------+---------+-------
      Total |     132 |      67 |  33.7 |      37 |      10 |  21.3
            +---------+---------+-------+---------+---------+-------
        D:1 |      23 |       0 |   0.0 |      13 |       0 |   0.0
        D:2 |     104 |      30 |  22.4 |      21 |       9 |  30.0
        D:3 |       5 |      37 |  88.1 |       3 |       1 |  25.0
            +---------+---------+-------+---------+---------+-------
